 Dungeon Crawl Stone Soup version 0.21-a0-321-g91e3373 (webtiles) character file.

77 tidbits the Charmwright (level 4, 0/38 HPs)
             Began as a Gnoll Skald on Sept 30, 2017.
             Succumbed to a goblin's poison
             ... on level 2 of the Dungeon.
             The game lasted 00:06:10 (710 turns).

tidbits the Charmwright (Gnoll Skald)                Turns: 710, Time: 00:06:11

Health: 0/38       AC:  5    Str: 13    XL:     4   Next: 34%
Magic:  1/11       EV: 12    Int: 22    God:
Gold:   74         SH:  0    Dex: 14    Spells: 2/13 levels left

rFire    . . .     SeeInvis .   f - +0 dagger (venom)
rCold    . . .     Gourm    .   (no shield)
rNeg     . . .     Faith    .   j - +0 ring mail
rPois    .         Spirit   .   (no helmet)
rElec    .         Reflect  .   (no cloak)
rCorr    .         Harm     .   (no gloves)
MR       .....                  (no boots)
Stlth    +.........             (no amulet)
HPRegen  0.12/turn              (no ring)
MPRegen  0.12/turn              (no ring)

@: brilliant, lethally poisoned (0 -> -7), infused
A: distributed training, fangs 1, strong nose
a: no special abilities


You were on level 2 of the Dungeon.
You were not hungry.

You visited 1 branch of the dungeon, and saw 2 of its levels.

You collected 74 gold pieces.

Inventory:

Hand Weapons
 a - a +0 falchion
 f - a +0 dagger of venom (weapon)
   (You took it off a goblin on level 2 of the Dungeon)
Missiles
 g - 41 stones (quivered)
 l - 16 arrows
Armour
 b - a +0 leather armour
 j - a +0 ring mail (worn)
Scrolls
 e - a scroll of recharging
 h - a scroll of remove curse {unknown}
 i - 2 scrolls of identify {unknown}
 k - a scroll of blinking {unknown}
 m - a scroll of fog {unknown}
 r - a scroll of fear {unknown}
 s - a scroll of teleportation {unknown}
Books
 c - a book of Battle

   Spells                             Type                      Level
   a - Infusion                       Charms                       1
   b - Shroud of Golubria             Charms/Translocation         2
   c - Song of Slaying                Charms                       2
   d - Spectral Weapon                Hexes/Charms                 3
   e - Regeneration                   Charms/Necromancy            3
Comestibles
 d - a bread ration
 n - 2 royal jellies
 o - a meat ration
 p - 3 fruits
 q - 2 chunks of flesh


   Skills:
 + Level 4.4 Fighting
 + Level 0.8 Short Blades
 + Level 4.5 Long Blades
 + Level 1.3 Axes
 + Level 0.8 Maces & Flails
 + Level 1.3 Polearms
 + Level 2.0 Staves
 + Level 0.8 Slings
 + Level 0.0 Bows
 + Level 1.3 Crossbows
 + Level 0.8 Throwing
 + Level 2.3 Armour
 + Level 4.5 Dodging
 + Level 1.7 Stealth
   Level 0.0 Stabbing
 + Level 1.3 Shields
   Level 0.0 Traps
 + Level 0.0 Unarmed Combat
 + Level 5.0 Spellcasting
 + Level 1.3 Conjurations
 + Level 0.8 Hexes
 + Level 6.6 Charms
 + Level 1.3 Summonings
 + Level 2.0 Necromancy
 + Level 0.8 Translocations
 + Level 0.0 Transmutations
 + Level 0.8 Fire Magic
 + Level 1.7 Ice Magic
 + Level 1.3 Air Magic
 + Level 0.0 Earth Magic
 + Level 0.8 Poison Magic
 + Level 0.0 Invocations
 + Level 1.3 Evocations


You had 2 spell levels left.
You knew the following spells:

 Your Spells              Type           Power        Failure   Level  Hunger
g - Shroud of Golubria    Chrm/Tloc      #####.....   1%          2    None
i - Infusion              Chrm           ####         1%          1    None
r - Regeneration          Chrm/Necr      #####.....   1%          3    ##.....
w - Spectral Weapon       Hex/Chrm       #####...     1%          3    ##.....
y - Song of Slaying       Chrm           #####...     1%          2    None


Dungeon Overview and Level Annotations

Branches:
Dungeon (2/15)

Altars:


Innate Abilities, Weirdness & Mutations

Your experience applies equally to all skills.
You have very sharp teeth.
Your uncanny sense of smell can sniff out nearby items.


Message History

Casting: Infusion
Confirm with . or Enter, or press ? or * to list all spells.
You miscast Spectral Weapon.
You are very lightly contaminated with residual magic.
Your hands glow momentarily.
You barely miss the adder.
The adder closely misses you. x2; You riposte.
You completely miss the adder. You hit the adder.
You bite the adder, but do no damage.
The adder is moderately wounded.
The adder barely misses you. x2; You riposte.
You hit the adder but do no damage.
The adder is moderately wounded.
You miss the adder.
The adder is moderately wounded.
The adder barely misses you.
You barely miss the adder.
The adder is moderately wounded.
The adder bites you.
* * * LOW HITPOINT WARNING * * *
The adder bites you.
* * * LOW HITPOINT WARNING * * *
Casting: Spectral Weapon
Confirm with . or Enter, or press ? or * to list all spells.
You begin infusing your attacks with magical energy.
The adder barely misses you.
Unknown command.
You hit the adder.
The adder is almost dead.
The adder barely misses you.
Your ring mail prevents you from hitting the adder.
The adder is almost dead.
The adder bites you but does no damage. The adder bites you.
* * * LOW HITPOINT WARNING * * *
You miss the adder.
The adder is almost dead.
The adder closely misses you.
You hit the adder.
You kill the adder!
Your Axes skill increases to level 1!
Your Polearms skill increases to level 1!
Your Necromancy skill increases to level 2!
You hit the goblin but do no damage. The goblin closely misses you.
You barely miss the goblin. The goblin barely misses you.
You barely miss the goblin. The goblin hits you but does no damage.
You hit the goblin!
You kill the goblin!
Things that are here:
a club; an adder corpse A goblin comes into view.
It is wielding a dagger of venom.
The goblin shouts!
Your magical contamination has completely faded away.
Your ring mail prevents you from hitting the goblin.
Your bite misses the goblin.
The goblin hits you with a dagger of venom.
* * * LOW HITPOINT WARNING * * *
You are poisoned.
You aren't carrying any items that you can evoke.
Unknown command.
It was a potion of brilliance.
You feel clever all of a sudden.
You feel sick. The goblin hits you but does no damage.
You are lethally poisoned!
You barely miss the goblin.
* * * LOW HITPOINT WARNING * * *
You feel sick. The goblin hits you but does no damage.
You hit the goblin!
You kill the goblin!
* * * LOW HITPOINT WARNING * * *
You feel sick.
You aren't carrying any potions.
Unknown command.
* * * LOW HITPOINT WARNING * * *
You feel sick.
Things that are here:
a dagger of venom; a scroll labeled TAIGETWOCER; a goblin corpse
* * * LOW HITPOINT WARNING * * *
You feel sick.
* * * LOW HITPOINT WARNING * * *
You feel sick.
Found a glowing dagger.
* * * LOW HITPOINT WARNING * * *
You feel sick.
Wield which item (- for none, * to show all)? (? for menu, Esc to quit)
Okay, then.
* * * LOW HITPOINT WARNING * * *
You feel sick.
* * * LOW HITPOINT WARNING * * *
You feel sick.
* * * LOW HITPOINT WARNING * * *
You feel sick.
Things that are here:
a dagger of venom; a scroll labeled TAIGETWOCER; a goblin corpse
f - a dagger of venom Wield which item (- for none, * to show all)? (? for menu, Esc to quit)
Your +0 dagger of venom begins to drip with poison!
f - a +0 dagger of venom (weapon)
* * * LOW HITPOINT WARNING * * *
You feel sick.
i - 2 scrolls labeled TAIGETWOCER (gained 1)
You die...

.. .#. ##........###..#.
.).##..#+###...............
#..........#.........<#....
#..........#.........##..#.
#..........######....##..#[
#..........# #............
###...##.######)#.......###
######........#.#..##.# #
........@........>..#.# #
########.##.........#.# #
#..##..#.#..##.###
##.##..#..........
..#.####.###.### #[#..
.....#.###
###.######.#......
#.......#....## #.
#.#..##.#.....###.


There were no monsters in sight!

Vanquished Creatures
  2 adders (D:2)
  An ooze (D:2)
  2 worms (D:2)
  5 dart slugs
  A leopard gecko (D:1)
  A giant cockroach (D:2)
  6 goblins
  3 hobgoblins
  2 quokkas (D:2)
  3 bats
  2 frilled lizards
  8 kobolds
  3 rats
39 creatures vanquished.

Notes
Turn   | Place    | Note
-------+----------+-------------------------------------------
     0 | D:1      | tidbits the Gnoll Skald began the quest for the Orb.
     0 | D:1      | Reached XP level 1. HP: 20/20 MP: 6/6
   180 | D:1      | Reached XP level 2. HP: 26/26 MP: 1/7
   192 | D:1      | Reached skill level 1 in Summonings
   197 | D:1      | Reached skill level 5 in Spellcasting
   211 | D:1      | Learned a level 2 spell: Song of Slaying
   225 | D:1      | Learned a level 2 spell: Shroud of Golubria
   274 | D:1      | Reached skill level 1 in Ice Magic
   277 | D:1      | Reached skill level 1 in Crossbows
   304 | D:1      | Reached XP level 3. HP: 27/31 MP: 1/9
   309 | D:1      | Learned a level 3 spell: Spectral Weapon
   313 | D:1      | Learned a level 3 spell: Regeneration
   368 | D:1      | Reached skill level 1 in Staves
   397 | D:2      | Reached skill level 1 in Shields
   456 | D:2      | Reached skill level 1 in Conjurations
   456 | D:2      | Reached skill level 1 in Necromancy
   523 | D:2      | Reached skill level 2 in Staves
   523 | D:2      | Reached skill level 1 in Stealth
   523 | D:2      | Reached skill level 1 in Air Magic
   606 | D:2      | Reached XP level 4. HP: 16/38 MP: 0/11
   634 | D:2      | Reached skill level 1 in Evocations
   687 | D:2      | Reached skill level 1 in Axes
   687 | D:2      | Reached skill level 1 in Polearms
   687 | D:2      | Reached skill level 2 in Necromancy
   705 | D:2      | HP: 3/38 [poisoned by a goblin]
   707 | D:2      | HP: 1/38 [poisoned by a goblin]
   710 | D:2      | Succumbed to a goblin's poison

Vault maps used:
D:1:      giann_wishing_wells
D:2:      minmay_pentomino_q2

Skill      XL: |  1  2  3  4 |
---------------+-------------+-----
Summonings     | 1 |  1.3
Spellcasting   | 5 |  5.0
Ice Magic      | 1 |  1.7
Crossbows      | 1 |  1.3
Staves         | 2 |  2.0
Shields        | 1 |  1.3
Conjurations   | 1 |  1.3
Necromancy     | 1 2 |  2.0
Stealth        | 1 |  1.7
Air Magic      | 1 |  1.3
Evocations     | 1 |  1.3
Axes           | 1 |  1.3
Polearms       | 1 |  1.3
Fighting       | |  4.4
Short Blades   | |  0.8
Long Blades    | |  4.5
Maces & Flails | |  0.8
Slings         | |  0.8
Throwing       | |  0.8
Armour         | |  2.3
Dodging        | |  4.5
Hexes          | |  0.8
Charms         | |  6.6
Translocations | |  0.8
Fire Magic     | |  0.8
Poison Magic   | |  0.8

Action                   |  1- 3 |  4- 6 || total
-------------------------+-------+-------++-------
Melee: Falchion          |    82 |    32 ||   114
       Bite              |     6 |     4 ||    10
 Cast: Infusion          |    12 |     2 ||    14
       Shroud of Golubri |     3 |       ||     3
       Regeneration      |     2 |       ||     2
       Spectral Weapon   |     2 |       ||     2
  Use: Scroll            |     1 |       ||     1
       Potion            |       |     1 ||     1
Armor: Leather armour    |     7 |       ||     7
       Ring mail         |    13 |     7 ||    20
Dodge: Dodged            |    48 |    22 ||    70
       Rpst.: Falchion   |    10 |     6 ||    16

Table legend:
 A = Spawn XP
 B = Non-spawn XP
 C = Spawn XP percentage of total XP
 D = Spawn monster count
 E = Non-spawn monster count
 F = Spawn count percentage of total count
 G = Total turns spent on level
                    A         B        C        D         E        F      G
               +---------+---------+-------+---------+---------+-------+---------
         Total |       0 |     111 |   0.0 |       0 |      39 |   0.0 |   710
               +---------+---------+-------+---------+---------+-------+---------
           D:1 |       0 |      41 |   0.0 |       0 |      21 |   0.0 |   376
           D:2 |       0 |      70 |   0.0 |       0 |      18 |   0.0 |   334
               +---------+---------+-------+---------+---------+-------+---------

Table legend:
 A = Turns spent in this place as a percentage of turns spent in the entire game.
 B = Non-inter-level travel turns spent in this place as a percentage of non-inter-level travel turns spent in the entire game.
 C = Inter-level travel turns spent in this place as a percentage of turns spent in this place.
 D = Turns resting spent in this place as a percentage of non-inter-level travel turns spent in this place.
 E = Turns spent auto-exploring this place as a percentage of non-inter-level travel turns spent in this place.
 F = Non-inter-level travel turns spent in this place divided by the number of levels of this place that you've seen.
                   A       B       C       D       E      F
               +-------+-------+-------+-------+-------+----------------------
         Total | 100.0 | 100.0 |   0.0 |   0.0 |   0.0 | 355.0
       Dungeon | 100.0 | 100.0 |   0.0 |   0.0 |   0.0 | 355.0
               +-------+-------+-------+-------+-------+----------------------

Table legend:
 A = Kills in this place as a percentage of kills in entire the game.
 B = Kills by you in this place as a percentage of kills by you in the entire game.
 C = Kills by friends in this place as a percentage of kills by friends in the entire game.
 D = Other kills in this place as a percentage of other kills in the entire game.
 E = Experience gained in this place as a percentage of experience gained in the entire game.
 F = Experience gained in this place divided by the number of levels of this place that you have seen.
                   A       B       C       D       E      F
               +-------+-------+-------+-------+-------+----------------------
         Total | 100.0 | 100.0 |   N/A |   N/A | 100.0 |  55.5
       Dungeon | 100.0 | 100.0 |   N/A |   N/A | 100.0 |  55.5
               +-------+-------+-------+-------+-------+----------------------

Vault maps used:
D:1:      giann_wishing_wells
D:2:      minmay_pentomino_q2
